 Dungeon Crawl Stone Soup version 0.19.1 (webtiles) character file.

218 CanadianGator the Gusty (level 5, 0/29 HPs)
             Began as a Tengu Air Elementalist on Dec 14, 2016.
             Slain by Duvessa
             ... wielding a +0 short sword
              (13 damage)
             ... on level 4 of the Dungeon on Dec 15, 2016.
             The game lasted 00:17:10 (2916 turns).

CanadianGator the Gusty (Tengu Air Elementalist)    Turns: 2916, Time: 00:17:10

Health: 0/29       AC:  3    Str:  9    XL:     5   Next: 95%
Magic:  2/9        EV: 13    Int: 16    God:
Gold:   188        SH:  0    Dex: 14    Spells: 3 memorised, 3 levels left

rFire  + . .     SeeInvis .     o - +0 dagger (elec)
rCold  x . .     Gourm    .     a - +0 robe
rNeg   . . .     Faith    .     (no shield)
rPois  .         Spirit   .     (helmet restricted)
rElec  .         Reflect  .     (no cloak)
rCorr  .         Harm     .     m - +0 pair of gloves
MR     .....                    (boots unavailable)
Stlth  ++........               (no amulet)
                                (no ring)
                                w - ring of fire

@: no status effects
A: beak, talons 3, able to fly 1
a: Fly


You were on level 4 of the Dungeon.
You were not hungry.

You visited 1 branch of the dungeon, and saw 4 of its levels.

You collected 188 gold pieces.

Inventory:

Hand Weapons
 o - a +0 dagger of electrocution (weapon)
Armour
 a - a +0 robe (worn)
 f - a +2 shield
 m - a +0 pair of gloves (worn)
 x - a +0 buckler of protection
Jewellery
 w - a ring of fire (left hand)
Wands
 k - a wand of slowing (32/48)
 r - a wand of confusion (28/48)
Scrolls
 d - a scroll of fog {unknown}
 e - 3 scrolls of remove curse {unknown}
 h - a scroll of enchant armour {unknown}
 i - 3 scrolls of identify {unknown}
 p - a scroll of immolation {unknown}
 s - a scroll of noise {unknown}
 v - a scroll of teleportation {unknown}
 y - a scroll of random uselessness {unknown}
Potions
 g - 3 potions of curing {unknown}
 l - a potion of agility {unknown}
 n - a potion of cure mutation {unknown}
 q - 2 potions of heal wounds {unknown}
 t - 2 potions of lignification {unknown}
 u - a potion of mutation {unknown}
 z - a potion of resistance {unknown}
 A - a potion of degeneration {unknown}
Books
 b - a book of Air

   Spells                             Type                      Level
   a - Shock                          Conjuration/Air              1
   b - Swiftness                      Charms/Air                   2
   c - Repel Missiles                 Charms/Air                   2
   d - Static Discharge               Conjuration/Air              3
   e - Lightning Bolt                 Conjuration/Air              5
Comestibles
 c - 3 bread rations
 j - 4 fruits
 B - 6 chunks of flesh


   Skills:
 + Level 1.0 Fighting
 + Level 0.9 Short Blades
 + Level 1.9 Armour
 + Level 2.8 Dodging
 - Level 2.0 Stealth
 - Level 1.9 Unarmed Combat
 + Level 2.6 Spellcasting
 * Level 3.6 Conjurations
 * Level 5.2 Air Magic


You had 3 spell levels left.
You knew the following spells:

 Your Spells              Type           Power        Failure   Level  Hunger
a - Shock                 Conj/Air       ###.         3%          1    #......
b - Static Discharge      Conj/Air       ###.....     12%         3    ###....
c - Repel Missiles        Chrm/Air       ##....       12%         2    ##.....


Dungeon Overview and Level Annotations

Branches:
Dungeon (4/15)
 Temple: D:4-7

Altars:
Ashenzari
Fedhas
Kikubaaqudgha
Ru

Annotations:
D:4 Duvessa


Innate Abilities, Weirdness & Mutations

You have a beak for a mouth.
You have claws for feet.
You can fly.


Message History

Duvessa shouts!
Duvessa goes berserk!
Duvessa rages.
Okay, then.
Casting: Shock
Confirm with . or Enter, or press ? or * to list all spells.
Okay, then.
Casting: Shock
Confirm with . or Enter, or press ? or * to list all spells.
Okay, then.
Casting: Shock
Confirm with . or Enter, or press ? or * to list all spells.
Duvessa is struck by lightning.
Duvessa is lightly wounded.
The lightning arcs!
You are struck by lightning.
The lightning grounds out.
Duvessa hits you with a short sword.
You hit Duvessa but do no damage. You peck Duvessa, but do no damage.
Duvessa is lightly wounded.
Duvessa completely misses you. Duvessa hits you with a short sword!
You die...

###############
#......<.)....#
#.............#
#####.####..###
########..#
#.........#
#@e.......#
#.........#
##..##....#
#####..[.#
....e).
.........
..........
.####..##..


You could see Duvessa (berserk).

Vanquished Creatures
  Dowan (D:4)
  An orc wizard (D:2)
  6 adders
  An ooze (D:2)
  3 worms
  A dart slug (D:2)
  A leopard gecko (D:1)
  7 orcs
  10 bats
  3 giant cockroaches
  6 goblins
  7 hobgoblins
  7 kobolds
  2 quokkas (D:3)
  4 ball pythons
  5 frilled lizards
  7 rats
72 creatures vanquished.

Notes
Turn   | Place    | Note
-------+----------+-------------------------------------------
     0 | D:1      | CanadianGator the Tengu Air Elementalist began the quest for the Orb.
     0 | D:1      | Reached XP level 1. HP: 10/10 MP: 4/4
   115 | D:1      | Reached skill level 1 in Unarmed Combat
   129 | D:1      | Reached XP level 2. HP: 15/15 MP: 0/6
   923 | D:2      | Reached XP level 3. HP: 18/19 MP: 2/7
   973 | D:2      | Learned a level 3 spell: Static Discharge
  1148 | D:2      | Reached skill level 1 in Armour
  1432 | D:2      | Reached XP level 4. HP: 24/24 MP: 1/8
  1453 | D:2      | Found a blossoming altar of Fedhas.
  1715 | D:2      | Found a sacrificial altar of Ru.
  1827 | D:2      | Gained mutation: You can fly. [Tengu growth]
  1827 | D:2      | Reached XP level 5. HP: 22/28 MP: 9/9
  2143 | D:3      | Found a shattered altar of Ashenzari.
  2219 | D:3      | Found an ancient bone altar of Kikubaaqudgha.
  2888 | D:4      | Reached skill level 5 in Air Magic
  2897 | D:4      | Learned a level 2 spell: Repel Missiles
  2900 | D:4      | Noticed Dowan
  2905 | D:4      | Killed Dowan
  2905 | D:4      | Reached skill level 1 in Fighting
  2907 | D:4      | Noticed Duvessa
  2916 | D:4      | Slain by Duvessa

Skill      XL: |  1  2  3  4  5 |
---------------+----------------+-----
Unarmed Combat | 1 |  1.9
Conjurations   | 2 3 |  3.6
Armour         | 1 |  1.9
Air Magic      | 5 |  5.2
Fighting       | 1 |  1.0
Short Blades   | |  0.9
Dodging        | |  2.8
Stealth        | |  2.0
Spellcasting   | |  2.6

Action                   |  1- 3 |  4- 6 || total
-------------------------+-------+-------++-------
Melee: Unarmed           |     6 |     4 ||    10
       Peck              |     1 |     4 ||     5
       Kick              |     1 |     5 ||     6
       Dagger            |       |    34 ||    34
 Cast: Shock             |    62 |    72 ||   134
       Static Discharge  |       |     2 ||     2
 Stab: Sleeping          |       |     1 ||     1
  Eat: Chunk             |     2 |     6 ||     8
Armor: Robe              |     3 |     5 ||     8
Dodge: Dodged            |    11 |    28 ||    39
